 Dungeon Crawl Stone Soup version 0.31-a0-1267-gfedaa18580 (webtiles) character file.

Game seed: 10697501088396584494

12388 fernweh the Carver (level 11, -8/97 HPs)
             Began as a Gnoll Chaos Knight on Nov 22, 2023.
             Was a Plaything of Xom.
             Killed by the air
             ... invoked by a blizzard demon
              (26 damage)
             ... on level 2 of the Abyss on Dec 16, 2023.
             The game lasted 02:09:41 (13469 turns).

fernweh the Carver (Gnoll Chaos Knight)            Turns: 13469, Time: 02:09:42

Health: -8/97      AC: 17    Str: 15    XL:     11   Next: 92%
Magic:  9/21       EV: 30    Int: 11    God:    Xom [......]
Gold:   220        SH:  8    Dex: 15    Spells: 9/23 levels left

rFire   + . .        a - +2 falchion (chaos)
rCold   + . .        r - +2 buckler
rNeg    . . .        b - +2 leather armour
rPois   +            (helmet restricted)
rElec   +            d - scarf {repulsion}
rCorr   +            j - +2 pair of gloves
SInv    +            C - +2 pair of boots
Will    +++..        U - amulet "Zaestuf" {Acrobat ^Drain rPois Will+ Slay+3 SInv}
Stlth   +++          y - +4 ring of protection
HPRegen 0.36/turn    x - ring of willpower
MPRegen 0.17/turn

%: repel missiles, acrobat
@: resistant, acrobatic
A: fangs 1, strong nose, distributed training, horns 1, see invisible, agile 1,
strong-willed 1, robust 1, screaming 2, shaggy fur 1, inability to read after
injury 1
a: Renounce Religion


You were on level 2 of the Abyss.
You worshipped Xom.
You were a very special plaything of Xom.
You visited 3 branches of the dungeon, and saw 13 of its levels.
You visited the Abyss 1 time.
You also visited: Sewer.

You collected 662 gold pieces.
You spent 442 gold pieces at shops.

Inventory:

Hand Weapons
 a - a +2 falchion of chaos (weapon)
 t - a +1 whip of holy wrath
 J - a +1 scimitar of flaming
 M - a +3 glaive of protection
Missiles
 h - 5 poisoned darts
 p - 7 javelins
 N - 15 boomerangs
Armour
 b - a +2 leather armour (worn)
 d - a scarf of repulsion (worn)
 j - a +2 pair of gloves (worn)
 q - a +1 cloak
 r - a +2 buckler (worn)
 C - a +2 pair of boots (worn)
 F - the +0 chain mail of Moir {-Cast rF+ rC+ Regen+}
   (You bought it in a shop on level 1 of the Dungeon)

   rF+:       It protects you from fire.
   rC+:       It protects you from cold.
   -Cast:     It prevents spellcasting.
   Regen+:    It increases your rate of health regeneration.
 K - +0 steam dragon scales
 P - a +0 troll leather armour
 R - a +2 helmet
Magical Staves
 I - a staff of air
Jewellery
 k - a ring of ice
 m - a ring of see invisible
 s - a ring of protection from fire
 x - a ring of willpower (right hand)
 y - a +4 ring of protection (left hand)
 L - a ring of poison resistance
 Q - a ring of fire
 U - the amulet "Zaestuf" (around neck) {Acrobat ^Drain rPois Will+ Slay+3 SInv}
   (You acquired it on level 1 of the Lair of Beasts)

   [amulet of the acrobat]

   Acrobat:   It increases your evasion while moving and waiting.
   Slay+3:    It affects your accuracy & damage with ranged weapons and melee
   (+3).
   rPois:     It protects you from poison Will+: It increases your willpower.
   SInv:      It lets you see invisible.
   ^Drain:    It drains your maximum health when unequipped.
Talismans
 g - a maw talisman
 w - a flux talisman
Wands
 o - a wand of mindburst (3)
 B - a wand of charming (1)
 D - a wand of digging (7)
 O - a wand of iceblast (2)
Scrolls
 c - a scroll of butterflies
 n - 2 scrolls of identify
 A - a scroll of poison
 G - 5 scrolls of amnesia
 H - 2 scrolls of revelation
Potions
 e - 3 potions of brilliance
 f - 3 potions of degeneration
 i - 3 potions of lignification
 l - 2 potions of attraction
 u - 3 potions of mutation
 v - a potion of curing
 z - 2 potions of magic
 S - 4 potions of enlightenment
 V - a potion of cancellation


   Skills:
 + Level 9.6 Fighting
 + Level 6.8 Short Blades
 + Level 9.6 Long Blades
 + Level 6.8 Axes
 + Level 6.8 Maces & Flails
 + Level 6.8 Polearms
 + Level 6.8 Staves
 + Level 6.8 Ranged Weapons
 + Level 6.8 Throwing
 + Level 8.3 Armour
 + Level 7.4 Dodging
 + Level 6.8 Stealth
 + Level 6.8 Shields
 + Level 6.8 Unarmed Combat
 + Level 6.8 Spellcasting
 + Level 5.7 Conjurations
 + Level 5.7 Hexes
 + Level 5.7 Summonings
 + Level 5.7 Necromancy
 + Level 5.7 Translocations
 + Level 5.7 Transmutations
 + Level 5.7 Fire Magic
 + Level 5.7 Ice Magic
 + Level 5.7 Air Magic
 + Level 5.7 Earth Magic
 + Level 5.7 Poison Magic
 + Level 7.5 Invocations
 + Level 6.8 Evocations
 + Level 6.2 Shapeshifting


You had 9 spell levels left.
You knew the following spells:

 Your Spells              Type           Power      Damage    Failure   Level
a - Slow                  Hex            64%        N/A       2%          1
b - Mephitic Cloud        Conj/Pois/Air  16%        N/A       8%          3
c - Call Imp              Summ           32%        N/A       3%          2
d - Blink                 Tloc           32%        N/A       3%          2
e - Stone Arrow           Conj/Erth      32%        3d9       8%          3
f - Ignite Poison         Fire/Tmut/Pois 16%        N/A       8%          3

Your spell library contained the following spells:

 Spells                   Type           Power      Damage    Failure   Level
 Magic Dart               Conj           64%        1d6       2%          1
 Poisonous Vapours        Pois/Air       32%        N/A       3%          2
 Confusing Touch          Hex            16%        N/A       8%          3
 Ozocubu's Armour         Ice            16%        N/A       8%          3
 Sigil of Binding         Hex            16%        N/A       8%          3
 Vampiric Draining        Necr           16%        2d7       8%          3
 Animate Armour           Summ/Erth      32%        N/A       26%         4
 Animate Dead             Necr           16%        N/A       26%         4
 Manifold Assault         Tloc           16%        N/A       26%         4
 Sticky Flame             Conj/Fire      16%        2d4       26%         4
 Borgnjor's Vile Clutch   Necr/Erth      8%         N/A       56%         5
 Freezing Cloud           Conj/Ice/Air   8%         6-21      56%         5
 Metabolic Englaciation   Hex/Ice        8%         N/A       56%         5
 Death Channel            Necr           8%         N/A       98%         6
 Simulacrum               Ice/Necr       8%         N/A       98%         6
 Ignition                 Fire           8%         3d5       100%        8
 Lehudib's Crystal Spear  Conj/Erth      8%         10d3      100%        8


Dungeon Overview and Level Annotations

Branches:
Dungeon (11/15)            Temple (0/1) D:4            Lair (1/5) D:11
    Orc (1/2) D:10          Sewer (visited)

Altars:
Ashenzari
Cheibriados
Elyvilon
Gozag
Makhleb
Sif Muna
Uskayaw
Vehumet
The Shining One

Shops:
D:1 [(   D:4 *   Orc:1 (

Annotations:
D:9 3 runed translucent doors, Harold; pigah's ghost, novice OpSh
D:10 4 runed translucent doors


Innate Abilities, Weirdness & Mutations

You have very sharp teeth.
Your uncanny sense of smell can sniff out nearby items.
Your experience applies equally to all skills.
You have a pair of small horns on your head.
You have supernaturally acute eyesight. (SInv)
You are agile. (Dex +4, Str/Int -1)
You are strong-willed. (Will+)
You are robust. (+10% HP)
You frequently scream uncontrollably at your foes.
You are covered in fur. (AC +1)
You occasionally lose the ability to read scrolls when taking damage.


Message History

You hit the white imp. You burn the white imp. You headbutt the white imp.
You bite the white imp, but do no damage.
The white imp is severely wounded.
The white imp gestures at you. The puff of frost hits you!
A blizzard demon comes into view.
The neqoxec misses you.
The white imp attacks as it pursues you!
The white imp completely misses you.
As you read the scroll of fog, it dissolves into smoke.
The blizzard demon shouts!
The white imp closely misses you. The neqoxec gestures at you.
Something gnaws on your mind!
You feel your power leaking away. The white imp gestures at you.
The puff of frost is repelled.
The blizzard demon gestures at you. The bolt of lightning hits you!!
You hear a shout!
Okay, then.
You feel protected.
Casting: Ignite Poison (dangerous; 8% risk of failure)
Confirm with . or Enter, or press ? or * to list all spells.
You can't see any susceptible monsters within range! (Use Z to cast anyway.)
The blizzard demon hits you!
* * * LOW HITPOINT WARNING * * *
The blizzard demon barely misses you. The white imp gestures at you.
The puff of frost misses you. The blizzard demon gestures at you.
The bolt of cold misses you. The neqoxec gestures at you.
Something gnaws on your mind!
* * * LOW HITPOINT WARNING * * *
You feel your power leaking away.
The blizzard demon waves its arms in wide circles.
The air twists around and strikes you!!
You die...
Xom chortles!

#.#...... .. #
#....#... ##
###.##..#####.# ..
#...#....... ..# ..
. #.§ ........#.
#.#§§§§X .....#..
###.§§§§3#.#......
#.#.§.X3§#.#.......
#.@.25#§§#.....X...
##..§§.§§..... 3...
#..#.#.#####.####.#
######## ###


You could see a tentacled starspawn, a blizzard demon and a white imp.

Vanquished Creatures
  A two-headed ogre (D:11)
  A boulder beetle (D:11)
  Urug (D:10)
  An orc knight (D:10)
  An orc sorcerer (Orc:1)
  Joseph (D:9)
  A kobold demonologist (D:9)
  A cane toad (Lair:1)
  A komodo dragon (Lair:1)
  4 trolls (D:11)
  A hornet (D:9)
  2 blink frogs (Lair:1)
  Grinder (D:3)
  5 yaks
  A wraith (D:6)
  2 wyverns
  A shadow (D:9)
  A steam dragon (D:9)
  A warg (D:10)
  2 water moccasins (Lair:1)
  A sky beast (D:8)
  4 orc warriors
  4 centaurs
  A gnoll sergeant (D:11)
  3 bullfrogs
  3 scorpions
  9 wights
  10 killer bees
  A howler monkey (D:8)
  4 hounds
  9 orc priests
  4 sleepcaps
  An iron imp (D:7)
  2 jellies
  Jessica (D:2)
  Natasha (thrice) (D:3)
  7 orc wizards
  3 iguanas
  7 gnolls
  11 adders
  A river rat (Sewer)
  A shadow imp (D:5)
  A worm (D:4)
  3 dart slugs
  30 orcs
  3 bats (D:1)
  2 endoplasms
  6 giant cockroaches
  8 goblins
  7 hobgoblins
  4 jackals (D:1)
  11 kobolds
  4 quokkas
  10 ball pythons
  4 frilled lizards (Sewer)
  24 rats
237 creatures vanquished.

Vanquished Creatures (collateral kills)
  Pikel (D:7)
  Maggie (D:10)
  A kobold demonologist (D:11)
  A meliai (shapeshifter) (D:7)
  2 yaks (D:10)
  3 orc warriors (Orc:1)
  A wight (D:6)
  4 orc priests
  An orc wizard (D:10)
  6 orcs
  2 kobolds (D:7)
23 creatures vanquished.

Vanquished Creatures (others)
  A hound (D:5)
  A worm (D:5)
  2 starspawn tentacles (Abyss:2)
4 creatures vanquished.

Grand Total: 264 creatures vanquished

Notes
Turn   | Place    | Note
-------+----------+-------------------------------------------
     0 | D:1      | fernweh the Gnoll Chaos Knight began the quest for the Orb.
     0 | D:1      | Reached XP level 1. HP: 23/23 MP: 1/1
    25 | D:1      | Found Azypoqeutt's Antique Armour Shop.
    46 | D:1      | XOM: divination: magic mapping
    63 | D:1      | Found Soptedgh's Antique Weapon Emporium.
    89 | D:1      | Reached XP level 2. HP: 25/29 MP: 2/2
   114 | D:1      | XOM: potion effect (invisibility)
   124 | D:1      | XOM: divination: magic mapping
   332 | D:1      | Reached XP level 3. HP: 35/35 MP: 3/3
   406 | D:1      | XOM: god gift: 37 gold pieces
   546 | D:1      | Learned a level 1 spell: Slow
   927 | D:2      | Reached skill level 1 in Invocations
   948 | D:2      | Noticed Sigmund
   964 | D:2      | Noticed Sigmund
   964 | D:2      | XOM: polymorph something unseen -> Sigmund the killer bee
   975 | D:2      | Killed Sigmund the killer bee
   976 | D:2      | Reached skill level 1 in Short Blades
   976 | D:2      | Reached skill level 1 in Axes
   976 | D:2      | Reached skill level 1 in Maces & Flails
   976 | D:2      | Reached skill level 1 in Polearms
   976 | D:2      | Reached skill level 1 in Staves
   976 | D:2      | Reached skill level 1 in Ranged Weapons
   976 | D:2      | Reached skill level 1 in Throwing
   976 | D:2      | Reached skill level 1 in Stealth
   976 | D:2      | Reached skill level 1 in Shields
   976 | D:2      | Reached skill level 1 in Unarmed Combat
   976 | D:2      | Reached skill level 1 in Spellcasting
   976 | D:2      | Reached skill level 1 in Conjurations
   976 | D:2      | Reached skill level 1 in Hexes
   976 | D:2      | Reached skill level 1 in Summonings
   976 | D:2      | Reached skill level 1 in Necromancy
   976 | D:2      | Reached skill level 1 in Translocations
   976 | D:2      | Reached skill level 1 in Transmutations
   976 | D:2      | Reached skill level 1 in Fire Magic
   976 | D:2      | Reached skill level 1 in Ice Magic
   976 | D:2      | Reached skill level 1 in Air Magic
   976 | D:2      | Reached skill level 1 in Earth Magic
   976 | D:2      | Reached skill level 1 in Poison Magic
   976 | D:2      | Reached skill level 1 in Evocations
   976 | D:2      | Reached skill level 1 in Shapeshifting
   976 | D:2      | Reached XP level 4. HP: 31/41 MP: 5/5
  1037 | D:2      | XOM: cloud trail
  1109 | D:2      | Noticed Jessica
  1114 | D:2      | XOM: cleaving
  1115 | D:2      | Killed Jessica
  1116 | D:2      | Reached XP level 5. HP: 46/47 MP: 5/7
  1163 | D:2      | XOM: divination: detect items
  1174 | D:2      | Found a glowing golden altar of the Shining One.
  1595 | D:2      | XOM: summons 4 hostile shadow creatures
  1900 | D:3      | Found a white marble altar of Elyvilon.
  1911 | D:3      | Noticed Grinder
  1916 | D:3      | XOM: enchant monster (good)
  1922 | D:3      | Paralysed by Grinder for 3 turns
  1924 | D:3      | XOM: potion effect (berserk rage)
  1929 | D:3      | Killed Grinder
  1930 | D:3      | Reached skill level 5 in Armour
  1930 | D:3      | Reached XP level 6. HP: 42/53 MP: 7/9
  2092 | D:3      | Noticed Natasha
  2092 | D:3      | XOM: 4-stop teleportation journey
  2265 | D:3      | XOM: enchant monster (good)
  2461 | D:3      | XOM: 7-stop teleportation journey
  2510 | D:3      | Killed Natasha
  2596 | D:3      | Found a shimmering blue altar of Sif Muna.
  2630 | D:3      | Noticed Natasha
  2632 | D:3      | XOM: confuse monster(s)
  2638 | D:3      | Killed Natasha
  2639 | D:3      | Reached XP level 7. HP: 59/59 MP: 10/10
  2848 | D:4      | Found a hide-covered altar of Uskayaw.
  2889 | D:4      | Found a glowing drain.
  2893 | Sewer    | Entered a sewer
  2975 | Sewer    | XOM: god gift: 50 gold pieces
  3075 | Sewer    | XOM: noise
  3239 | Sewer    | XOM: summons 2 hostile demons
  3346 | Sewer    | XOM: 1-stop teleportation journey
  3473 | D:4      | Learned a level 3 spell: Mephitic Cloud
  3476 | D:4      | Learned a level 2 spell: Call Imp
  3554 | D:4      | XOM: god gift: +2 lajatang of electrocution
  3596 | D:4      | XOM: 8-stop teleportation journey
  3733 | D:4      | Found a staircase to the Ecumenical Temple.
  3870 | D:4      | Found Ileso's Fire Supplies.
  3985 | D:1      | Bought a pair of glowing boots for 195 gold pieces
  4031 | D:3      | Noticed Natasha
  4046 | D:3      | Killed Natasha
  4117 | D:5      | Entered Level 5 of the Dungeon
  4131 | D:5      | XOM: noise
  4151 | D:5      | XOM: confusion (+ monsters)
  4578 | D:5      | XOM: 3-stop teleportation journey
  4723 | D:5      | Reached XP level 8. HP: 67/67 MP: 12/12
  5526 | D:6      | XOM: 1-stop teleportation journey
  5546 | D:6      | XOM: summons 2 friendly demons
  5569 | D:6      | Upgraded the game from 0.31-a0-986-g5e6e4ef867 to
                  | 0.31-a0-1074-g0b22e4e0f1
  5627 | D:6      | Noticed a wraith
  5655 | D:6      | Killed a wraith
  5766 | D:6      | XOM: 3-stop teleportation journey
  6104 | D:6      | XOM: 1-stop teleportation journey
  6331 | D:7      | Noticed a wyvern
  6423 | D:7      | Killed a wyvern
  6424 | D:7      | Reached XP level 9. HP: 73/73 MP: 14/14
  6445 | D:7      | XOM: polymorph shapeshifter -> shapeshifter
  6445 | D:7      | a shapeshifter changed into a cane toad
  6445 | D:7      | Noticed a cane toad (shapeshifter)
  6451 | D:7      | XOM: summons 9 friendly demons
  6452 | D:7      | a cane toad changed into an entropy weaver
  6452 | D:7      | Noticed an entropy weaver (shapeshifter)
  6459 | D:7      | an entropy weaver changed into a wind drake
  6459 | D:7      | Noticed a wind drake (shapeshifter)
  6463 | D:7      | a wind drake changed into a meliai
  6463 | D:7      | Noticed a meliai (shapeshifter)
  6465 | D:7      | Killed a meliai
  6602 | D:7      | Found a burning altar of Makhleb.
  6656 | D:7      | Noticed a cacodemon
  6806 | D:7      | Reached skill level 5 in Dodging
  6913 | D:7      | XOM: destruction
  6926 | D:7      | XOM: stat loss: -1 Dex (10/11)
  7061 | D:7      | XOM: potion effect (brilliance)
  7190 | D:1      | Bought a jewelled chain mail for 247 gold pieces
  7190 | D:1      | Identified the +0 chain mail of Moir {-Cast rF+ rC+ Regen+}
                  | (You bought it in a shop on level 1 of the Dungeon)
  7510 | D:7      | Found a broken altar of Ashenzari.
  7871 | D:8      | Found a snail-covered altar of Cheibriados.
  7984 | D:8      | XOM: give mutations
  7984 | D:8      | Gained mutation: You occasionally lose the ability to read
                  | scrolls when taking damage. [Xom's mischief]
  7984 | D:8      | Gained mutation: You occasionally shout uncontrollably at
                  | your foes. [Xom's mischief]
  7984 | D:8      | Gained mutation: You are dopey. (Int -2) [Xom's mischief]
  8020 | D:8      | Found a radiant altar of Vehumet.
  8036 | D:8      | Noticed Pikel
  8064 | D:7      | Killed Pikel
  8065 | D:7      | Reached skill level 5 in Invocations
  8341 | D:8      | XOM: 11-stop teleportation journey
  8662 | D:9      | Noticed a hornet
  8687 | D:9      | Killed a hornet
  8688 | D:9      | Reached XP level 10. HP: 69/80 MP: 17/17
  8689 | D:9      | XOM: enchant monster (good)
  8693 | D:9      | XOM: silly message
  8701 | D:9      | Reached skill level 5 in Short Blades
  8701 | D:9      | Reached skill level 5 in Axes
  8701 | D:9      | Reached skill level 5 in Maces & Flails
  8701 | D:9      | Reached skill level 5 in Polearms
  8701 | D:9      | Reached skill level 5 in Staves
  8701 | D:9      | Reached skill level 5 in Ranged Weapons
  8701 | D:9      | Reached skill level 5 in Throwing
  8701 | D:9      | Reached skill level 5 in Stealth
  8701 | D:9      | Reached skill level 5 in Shields
  8701 | D:9      | Reached skill level 5 in Unarmed Combat
  8701 | D:9      | Reached skill level 5 in Spellcasting
  8701 | D:9      | Reached skill level 5 in Evocations
  8718 | D:9      | XOM: blink monster(s)
  9107 | D:9      | Found a runed translucent gate.
  9108 | D:9      | Found a runed translucent gate.
  9151 | D:9      | XOM: confuse monster(s)
  9226 | D:9      | XOM: enchant monster (bad)
  9385 | D:9      | Learned a level 2 spell: Blink
  9580 | D:9      | Noticed Joseph
  9638 | D:9      | Killed Joseph
  9756 | D:9      | Noticed Harold
  9879 | D:9      | Noticed a kobold demonologist
  9888 | D:9      | Noticed a smoke demon
  9892 | D:9      | Killed a kobold demonologist
  9893 | D:9      | Reached skill level 5 in Shapeshifting
  9917 | D:10     | Entered Level 10 of the Dungeon
  9917 | D:10     | Noticed Urug
 10039 | D:8      | XOM: draining
 10177 | D:9      | Found a runed translucent gate.
 10177 | D:9      | Noticed pigah's ghost (novice OpSh)
 10178 | D:9      | Noticed a nine-headed hydra
 10400 | D:10     | XOM: swap monsters
 10402 | D:10     | XOM: blink monster(s)
 10615 | D:10     | Found a staircase to the Orcish Mines.
 10626 | D:10     | XOM: noise
 10647 | D:10     | Found an opulent altar of Gozag.
 10666 | D:10     | Learned a level 3 spell: Stone Arrow
 10670 | D:10     | Learned a level 3 spell: Ignite Poison
 10727 | D:10     | Noticed Maggie
 10743 | D:10     | XOM: 5-stop teleportation journey
 10758 | D:10     | XOM: cast spell 'Summon Cactus Giant'
 10913 | D:10     | XOM: cast spell 'Summon Horrible Things'
 10929 | D:10     | Found a runed translucent door.
 10931 | D:10     | Noticed a shock serpent
 10934 | D:10     | Found a runed translucent door.
 10934 | D:10     | Noticed a storm dragon
 10934 | D:10     | Found the +5 Storm Queen's Shield {shock, Fly rElec}
 10934 | D:10     | Noticed a spark wasp
 10987 | D:10     | Noticed a spark wasp
 11037 | D:10     | Killed Maggie
 11094 | D:10     | Found a runed translucent door.
 11109 | D:10     | Found a runed translucent door.
 11225 | Orc:1    | Entered Level 1 of the Orcish Mines
 11225 | Orc:1    | Found Dadd's Antique Weapon Shop.
 11226 | Orc:1    | Noticed an orc sorcerer
 11233 | Orc:1    | Reached XP level 11. HP: 84/87 MP: 19/19
 11250 | Orc:1    | Paralysed by an orc sorcerer for 2 turns
 11252 | Orc:1    | XOM: enchant monster (good)
 11253 | Orc:1    | Killed an orc sorcerer
 11253 | Orc:1    | Noticed a cyclops
 11254 | Orc:1    | Reached skill level 5 in Conjurations
 11254 | Orc:1    | Reached skill level 5 in Hexes
 11254 | Orc:1    | Reached skill level 5 in Summonings
 11254 | Orc:1    | Reached skill level 5 in Necromancy
 11254 | Orc:1    | Reached skill level 5 in Translocations
 11254 | Orc:1    | Reached skill level 5 in Transmutations
 11254 | Orc:1    | Reached skill level 5 in Fire Magic
 11254 | Orc:1    | Reached skill level 5 in Ice Magic
 11254 | Orc:1    | Reached skill level 5 in Air Magic
 11254 | Orc:1    | Reached skill level 5 in Earth Magic
 11254 | Orc:1    | Reached skill level 5 in Poison Magic
 11255 | Orc:1    | Noticed an orc knight
 11394 | D:11     | Noticed a two-headed ogre
 11401 | D:11     | XOM: enchant monster (good)
 11406 | D:11     | Killed a two-headed ogre
 11680 | D:11     | Noticed a skeletal warrior
 11713 | D:11     | HP: 4/89 [troll (5)]
 11714 | D:11     | XOM: confuse monster(s)
 11726 | D:11     | Noticed a cyan ugly thing
 11727 | D:11     | XOM: confuse monster(s)
 11735 | D:11     | Noticed a boulder beetle
 11949 | D:11     | XOM: 1-stop teleportation journey
 11960 | D:11     | Noticed a boulder beetle
 11979 | D:10     | Upgraded the game from 0.31-a0-1074-g0b22e4e0f1 to
                  | 0.31-a0-1267-gfedaa18580
 11996 | Orc:1    | Noticed an orc knight
 11998 | D:10     | XOM: summons friendly white imp
 12002 | D:10     | XOM: cast spell 'Summon Mana Viper'
 12006 | D:10     | XOM: polymorph orc -> scorpion
 12040 | D:10     | XOM: confuse monster(s)
 12058 | D:10     | XOM: summons friendly quasit
 12065 | D:10     | Killed an orc knight
 12113 | D:10     | XOM: give mutation
 12113 | D:10     | Gained mutation: You possess an exceptional clarity of
                  | mind. [Xom's mischief]
 12235 | D:10     | XOM: confuse monster(s)
 12245 | D:10     | XOM: give mutations
 12245 | D:10     | Gained mutation: You are covered in fur. (AC +1) [Xom's
                  | grace]
 12245 | D:10     | Gained mutation: You are agile. (Dex +4, Str/Int -1) [Xom's
                  | grace]
 12245 | D:10     | Gained mutation: You have supernaturally acute eyesight.
                  | (SInv) [Xom's grace]
 12251 | D:10     | Killed Urug
 12751 | D:11     | Found a staircase to the Lair.
 12779 | D:11     | XOM: noise
 12781 | D:11     | Killed a boulder beetle
 12867 | Lair:1   | Entered Level 1 of the Lair of Beasts
 13040 | Lair:1   | XOM: give mutations
 13040 | Lair:1   | Gained mutation: You have a pair of small horns on your
                  | head. [Xom's mischief]
 13040 | Lair:1   | Lost mutation: You possess an exceptional clarity of mind.
                  | [Xom's mischief]
 13040 | Lair:1   | Gained mutation: You are strong-willed. (Will+) [Xom's
                  | mischief]
 13060 | Lair:1   | XOM: destruction
 13301 | Lair:1   | Identified a scroll of acquirement
 13303 | Lair:1   | Acquired the amulet "Zaestuf" {Acrobat ^Drain rPois Will+
                  | Slay+3 SInv}
 13341 | Abyss:1  | Cast into level 1 of the Abyss (Xom)
 13412 | Abyss:1  | Noticed a green death
 13415 | Abyss:1  | Found a corrupted altar of Lugonu.
 13439 | Abyss:2  | Noticed a tentacled starspawn
 13441 | Abyss:2  | XOM: summons 6 hostile demons
 13447 | Abyss:2  | XOM: give mutations
 13447 | Abyss:2  | Gained mutation: You frequently scream uncontrollably at
                  | your foes. [Xom's mischief]
 13447 | Abyss:2  | Lost mutation: You are dopey. (Int -2) [Xom's mischief]
 13447 | Abyss:2  | Gained mutation: You are robust. (+10% HP) [Xom's mischief]
 13459 | Abyss:2  | Noticed a blizzard demon
 13469 | Abyss:2  | Killed from afar by a blizzard demon

Illustrated notes

Levels and vault maps discovered:
D:1:      roderic_crop_circles_arrival_small, layout_loops_ring, serial_shops,
          nicolae_shop_advertising_works [nicolae_subvault_shop_adworks],
          nicolae_shop_hallway_plus
D:2:      layout_loops_ring, basic_altar, fountainhead, uniq_sigmund,
          uniq_jessica
D:3:      layout_basic, mainiacjoe_overflow_tiny_flanked, lemuel_crystal_altar,
          serial_aquarium, aquarium_bridge_square [aquarium_subvault_bridge,
          aquarium_subvault_wall, aquarium_subvault_wall,
          aquarium_subvault_bridge], aquarium_bridge_long_joined
          [aquarium_subvault_bridge, aquarium_subvault_wall,
          aquarium_subvault_balcony, aquarium_subvault_window,
          aquarium_subvault_window, aquarium_subvault_balcony],
          aquarium_window_2, aquarium_window_1, aquarium_window_1,
          aquarium_view_2a, aquarium_view_2c, nicolae_half_adder, uniq_natasha,
          uniq_grinder
D:4:      layout_rooms, mainiacjoe_overflow_chevrons, temple_doors_e,
          gup_sewer_entry_bowl, nicolae_shop_fire_sale [nicolae_sub_dead_trees]
D:5:      layout_gridville, chequers_serial_rivers_marsh
D:6:      layout_cave_pods, nicolae_the_louvre
D:7:      layout_cave_pools, makhleb_altar_promises_db,
          mainiacjoe_overflow_concentric_impassable
D:8:      layout_gridville, mainiacjoe_overflow_surrounded_room, slow_altar_1,
          uniq_pikel
D:9:      layout_layer_cave, gammafunk_ghost_hydra_chop, uniq_harold,
          uniq_joseph
D:10:     layout_gridville, grunt_gozag_statues, minmay_orc_entry_temple_small,
          nicolae_guarded_unrand_storm_shield, uniq_urug, uniq_maggie
D:11:     minmay_polygon_palace, layout_basic, lair_entry_dummy
Lair:1:   layout_gridlike, minivault_26, grunt_megastairs_3, lemuel_fruit_tree,
          infiniplex_staircase_pool
Orc:1:    layout_caves, special_room [special_room_orc], serial_shops, shop
Abyss:2:  base:
D:13

Skill      XL: |  1  2  3  4  5  6  7  8  9 10 11 |
---------------+----------------------------------+-----
Invocations    | 1 2 3 4 5 6 7 |  7.5
Short Blades   | 1 2 3 4 5 6 |  6.8
Axes           | 1 2 3 4 5 6 |  6.8
Maces & Flails | 1 2 3 4 5 6 |  6.8
Polearms       | 1 2 3 4 5 6 |  6.8
Staves         | 1 2 3 4 5 6 |  6.8
Ranged Weapons | 1 2 3 4 5 6 |  6.8
Throwing       | 1 2 3 4 5 6 |  6.8
Stealth        | 1 2 3 4 5 6 |  6.8
Shields        | 1 2 3 4 5 6 |  6.8
Unarmed Combat | 1 2 3 4 5 6 |  6.8
Spellcasting   | 1 2 3 4 5 6 |  6.8
Conjurations   | 1 2 3 4 5 |  5.7
Hexes          | 1 2 3 4 5 |  5.7
Summonings     | 1 2 3 4 5 |  5.7
Necromancy     | 1 2 3 4 5 |  5.7
Translocations | 1 2 3 4 5 |  5.7
Transmutations | 1 2 3 4 5 |  5.7
Fire Magic     | 1 2 3 4 5 |  5.7
Ice Magic      | 1 2 3 4 5 |  5.7
Air Magic      | 1 2 3 4 5 |  5.7
Earth Magic    | 1 2 3 4 5 |  5.7
Poison Magic   | 1 2 3 4 5 |  5.7
Evocations     | 1 2 3 4 5 6 |  6.8
Shapeshifting  | 1 2 3 4 5 6 |  6.2
Armour         | 5 6 7 8 |  8.3
Dodging        | 3 4 5 6 7 |  7.4
Fighting       | 7 8 9 |  9.6
Long Blades    | 7 8 9 |  9.6

Action                     |  1- 3 |  4- 6 |  7- 9 | 10-12 || total
---------------------------+-------+-------+-------+-------++-------
  Melee: Falchion          |   118 |   124 |   542 |   421 ||  1205
         Bite              |     6 |     7 |    44 |    63 ||   120
         Punch             |     1 |     1 |    16 |     1 ||    19
         Headbutt          |       |       |       |    15 ||    15
  Throw: Dart              |     6 |    13 |    25 |    29 ||    73
         Boomerang         |       |       |     1 |    16 ||    17
         Javelin           |       |       |       |     4 ||     4
   Cast: Mephitic Cloud    |       |       |     4 |    33 ||    37
         Call Imp          |       |       |       |     2 ||     2
         Blink             |       |       |       |     2 ||     2
         Ignite Poison     |       |       |       |     1 ||     1
  Evoke: Wand              |       |       |    15 |    16 ||    31
    Use: Potion            |     4 |       |     4 |    11 ||    19
         Scroll            |     1 |     2 |    20 |    12 ||    35
   Stab: Confused          |     1 |       |     1 |    10 ||    12
         Sleeping          |       |     4 |     4 |     2 ||    10
         Paralysed         |       |       |     4 |     5 ||     9
         Distracted        |       |       |     3 |       ||     3
         Petrified         |       |       |       |     7 ||     7
         Petrifying        |       |       |       |     3 ||     3
 Armour: Leather armour    |    57 |    92 |   392 |   257 ||   798
         Skin              |   128 |       |       |       ||   128
  Dodge: Dodged            |    62 |    96 |   366 |   228 ||   752
         Repelled          |       |       |       |     2 ||     2
  Block: Buckler           |       |       |       |   130 ||   130

Table legend: (Time is in decaauts)
 A = Elapsed time spent in this place.
 B = Non-inter-level travel time spent in this place.
 C = Inter-level travel time spent in this place.
 D = Time resting spent in this place.
 E = Time spent auto-exploring this place.
 F = Levels seen in this place.
 G = Mean time per level.
                   A        B        C        D        E       F      G
               +--------+--------+--------+--------+--------+-----+--------+
         Total |  13489 |  12985 |    504 |   1953 |   6616 |  16 |  843.1 |
       Dungeon |  12266 |  11762 |    504 |   1677 |   6165 |  11 | 1115.1 |
          Lair |    467 |    467 |      0 |    156 |    199 |   1 |  467.0 |
  Orcish Mines |     30 |     30 |      0 |      0 |      0 |   1 |   30.0 |
         Abyss |    124 |    124 |      0 |      0 |     17 |   2 |   62.0 |
         Sewer |    600 |    600 |      0 |    120 |    234 |   1 |  600.0 |
               +--------+--------+--------+--------+--------+-----+--------+

Top non-repeatable levels by time:
     D:9: 1583 daAuts
    D:10: 1558 daAuts
     D:6: 1383 daAuts
     D:7: 1245 daAuts
     D:2: 1088 daAuts
     D:5: 1083 daAuts
     D:3: 1008 daAuts
     D:1: 913 daAuts
     D:8: 863 daAuts
    D:11: 846 daAuts
     D:4: 692 daAuts
   Sewer: 600 daAuts
  Lair:1: 467 daAuts
 Abyss:1: 80 daAuts
 Abyss:2: 44 daAuts
